 Dungeon Crawl Stone Soup version 0.28-a0-503-g83f2989fac (webtiles) character file.

Game seed: 17022805260839426857

186 lunkers the Skirmisher (level 5, -6/41 HPs)
             Began as a Djinni Cinder Acolyte on Sept 20, 2021.
             Was a High Priest of Ignis.
             Mangled by an iron imp (10 damage)
             ... summoned by Natasha
             ... on level 3 of the Dungeon.
             The game lasted 00:05:48 (3639 turns).

lunkers the Skirmisher (Djinni Cinder Acolyte)      Turns: 3639, Time: 00:05:49

Health: -6/41      AC:  3    Str: 13    XL:     5   Next: 97%
Gold:   137        EV: 11    Int: 17    God:    Ignis [*****.] SH:  0 Dex:  8

rFire   + + +      SeeInvis .   m - +4 quarterstaff (chaos)
rCold   x . .      Faith    .   (shield currently unavailable)
rNeg    . . .      Spirit   .   b - +0 robe
rPois   ∞          Reflect  .   (no helmet)
rElec   .          Harm     .   n - +0 cloak
rCorr   +          Rampage  .   (no gloves)
Will    .....                   (boots unavailable)
Stlth   +.........              (no amulet)
HPRegen 0.13/turn               d - ring of resist corrosion
MPRegen 0.00/turn               (no ring)

@: flying
A: sickness immunity, fire resistance 2, cold vulnerability 1, float, innate
caster, hp casting, extra vitality 1
a: Renounce Religion, Sea of Fire, Foxfire Swarm, Rising Flame


You were on level 3 of the Dungeon.
You worshipped Ignis.
Ignis was extremely pleased with you.
You visited 1 branch of the dungeon, and saw 3 of its levels.

You collected 137 gold pieces.

Inventory:

Hand Weapons
 a - a -1 short sword of flaming
 m - a +4 quarterstaff of chaos (weapon)
Armour
 b - a +0 robe (worn)
 n - a +0 cloak (worn)
Jewellery
 d - a ring of resist corrosion (left hand)
Scrolls
 c - a scroll of noise {unknown}
 f - a scroll of holy word {unknown}
 h - a scroll of teleportation {unknown}
 i - a scroll of enchant weapon {unknown}
 j - a scroll of immolation {unknown}
Potions
 e - a potion of attraction {unknown}
 g - a potion of haste {unknown}
 k - a potion of heal wounds {unknown}
 l - a potion of ambrosia {unknown}
 o - a potion of flight {unknown}


   Skills:
 + Level 4.2 Fighting
 - Level 2.6 Short Blades
 * Level 4.1 Spellcasting


You had 7 spell levels left.
You knew the following spells:

 Your Spells              Type           Power      Damage    Failure   Level
a - Scorch                Fire           34%        2d7       4%          2
b - Apportation           Tloc           34%        N/A       2%          1
c - Ensorcelled Hibernat  Hex/Ice        34%        N/A       4%          2
Your spell library was empty.

Dungeon Overview and Level Annotations

Branches:
Dungeon (3/15)

Altars:

Shops:
D:2 =

Annotations:
D:3 Natasha


Innate Abilities, Weirdness & Mutations

You are immune to sickness and miasma.
You are immune to poison.
Your flesh is very heat resistant. (rF++)
You are vulnerable to cold. (rC-)
You float through the air rather than walking.
You learn spells naturally, not from books.
Your magical power is your life essence.
You have superior vitality. (+4 HP)


Message History

Nothing appears to happen.
* * * LOW HITPOINT WARNING * * *
Casting: Scorch (safe; 4% risk of failure)
Press: ? - help, Q - select action, (/) - cycle Dir - look around, f - activate Flames lash Natasha.
Natasha is heavily wounded.
Natasha's fire resistance burns away.
* * * LOW HITPOINT WARNING * * *
Casting: Scorch (safe; 4% risk of failure)
Press: ? - help, Q - select action, (/) - cycle Dir - look around, f - activate Flames lash Natasha.
Natasha is burned terribly!
Natasha is severely wounded.
* * * LOW HITPOINT WARNING * * *
Casting: Scorch (safe; 4% risk of failure)
Press: ? - help, Q - select action, (/) - cycle Dir - look around, f - activate Flames lash Natasha.
Natasha is burned terribly!
You kill Natasha!
Natasha screams in pain as she dies!
* * * LOW HITPOINT WARNING * * *
Unknown command.
Items here: )) [[ †.
Things that are here:
a +1 dagger of venom; a +0 ring mail; an orc corpse
Okay, then.
Items here: )) [[ †.
Natasha, Servant of Life and Death comes into view.
Natasha hisses angrily.
Natasha casts a spell.
Natasha stares at you and mumbles some strange words.
The magic dart hits you.
* * * LOW HITPOINT WARNING * * *
You aren't carrying any items that you can evoke.
Casting: Scorch (safe; 4% risk of failure)
Press: ? - help, Q - select action, (/) - cycle Dir - look around, f - activate Flames lash the iron imp.
The iron imp completely resists.
* * * LOW HITPOINT WARNING * * *
You hit Natasha. You burn Natasha.
Natasha is moderately wounded.
Natasha claws you but does no damage. The iron imp hits you!
You die...

##..## #)# #....###.# ###
#.##..##.# ...#
######.###..#.# #..#
##......# ##.#.#
#..###.......####...#####
#......................#
###....................#
#.........5@..>......#
#.........h###########
#.(........# ###.......##
#.........# #..<......#
#.........# #.........#
#.........#


You could see an iron imp (summoned) and Natasha.

Vanquished Creatures
  Crazy Yiuf (D:2)
  Jessica (D:2)
  Natasha (D:3)
  An orc wizard (D:3)
  2 adders
  2 orcs (D:3)
  2 endoplasms (D:2)
  5 giant cockroaches
  7 goblins
  4 hobgoblins
  7 jackals
  A kobold (D:2)
  A quokka (D:2)
  4 ball pythons (D:1)
  8 bats
  6 frilled lizards
  3 rats
56 creatures vanquished.

Notes
Turn   | Place    | Note
-------+----------+-------------------------------------------
     0 | D:1      | lunkers the Djinni Cinder Acolyte began the quest for the
                  | Orb.
     0 | D:1      | Reached XP level 1. HP: 20/20 MP: 0/0
   245 | D:1      | Reached XP level 2. HP: 22/25 MP: 0/0
  1186 | D:1      | Reached XP level 3. HP: 28/30 MP: 0/0
  1186 | D:1      | Learned a level 1 spell: Apportation
  2064 | D:2      | Found Cituschu's Jewellery Shoppe.
  2319 | D:2      | Reached XP level 4. HP: 27/35 MP: 0/0
  2754 | D:2      | Found a runed translucent door.
  2755 | D:2      | Noticed Crazy Yiuf
  2908 | D:2      | Noticed Jessica
  2910 | D:2      | Killed Jessica
  3269 | D:2      | Killed Crazy Yiuf
  3270 | D:2      | Reached XP level 5. HP: 13/41 MP: 0/0
  3270 | D:2      | Learned a level 2 spell: Ensorcelled Hibernation
  3619 | D:3      | Noticed Natasha
  3625 | D:3      | Killed Natasha
  3635 | D:3      | Noticed Natasha
  3639 | D:3      | Mangled by an iron imp

Illustrated notes

Levels and vault maps discovered:
D:1:      wander_arrival_chamber, layout_loops_corners, due_unseen_surprise
D:2:      layout_basic, serial_co_window_serial, co_window_paths_b,
          co_window_paths_b, co_window_corner_a, co_window_corner_a,
          co_window_of_opportunity_a, co_window_of_opportunity_a,
          co_window_corner_a, co_window_of_opportunity_c, co_window_broadway_b,
          co_window_unsneaky_path_e, co_window_broadway_b,
          co_window_unsneaky_path_d, co_window_corner_b, glass_columns_b,
          glass_columns_a, glass_columns_b, glass_columns_a, serial_shops, shop,
          uniq_crazy_yiuf_cottage, uniq_jessica
D:3:      layout_rooms, ebering_ghost_rock_garden,
          hellmonk_ecumenical_altar_heavens_door, uniq_natasha

Skill      XL: |  1  2  3  4  5 |
---------------+----------------+-----
Spellcasting   | 3 4 |  4.1
Fighting       | 4 |  4.2
Short Blades   | |  2.6

Action                   |  1- 3 |  4- 6 || total
-------------------------+-------+-------++-------
Melee: Short sword       |    22 |       ||    22
       Quarterstaff      |       |     3 ||     3
 Cast: Scorch            |    44 |    30 ||    74
  Use: Scroll            |       |     1 ||     1
Armor: Robe              |    15 |     3 ||    18
Dodge: Dodged            |    30 |     6 ||    36

Table legend: (Time is in decaauts)
 A = Elapsed time spent in this place.
 B = Non-inter-level travel time spent in this place.
 C = Inter-level travel time spent in this place.
 D = Time resting spent in this place.
 E = Time spent auto-exploring this place.
 F = Levels seen in this place.
 G = Mean time per level.
                   A        B        C        D        E       F      G
               +--------+--------+--------+--------+--------+-----+--------+
         Total |   3637 |   3560 |     77 |      0 |   3240 |   3 | 1212.3 |
       Dungeon |   3637 |   3560 |     77 |      0 |   3240 |   3 | 1212.3 |
               +--------+--------+--------+--------+--------+-----+--------+

Top non-repeatable levels by time:
     D:2: 2010 daAuts
     D:1: 1522 daAuts
     D:3: 104 daAuts
